 Dungeon Crawl Stone Soup version 0.28-b1-25-g9875b3fc8c (webtiles) character file.

Game seed: 17662982332090185269

253774 inmateoo the Bludgeoner (level 20, -3/136 HPs)
             Began as a Gargoyle Gladiator on Feb 5, 2022.
             Was the Champion of Okawaru.
             Killed from afar by a war gargoyle (29 damage)
             ... with a spray of metal splinters
             ... led by a peacekeeper
             ... on level 4 of the Vaults.
             The game lasted 00:52:44 (35581 turns).

inmateoo the Bludgeoner (Gargoyle Gladiator)       Turns: 35581, Time: 00:52:44

Health: -3/136     AC: 32    Str: 26    XL:     20   Next: 16%
Magic:  26/26      EV: 13    Int:  6    God:    Okawaru [******]
Gold:   1529       SH: 13    Dex:  8    Spells: 19/19 levels left

rFire   + + .      SeeInvis .   v - +6 eveningstar (venom)
rCold   + + .      Faith    .   a - +1 kite shield {reflect}
rNeg    + + .      Spirit   .   P - +0 plate armour {rF+}
rPois   ∞          Reflect  +   N - +0 hat {Will+}
rElec   +          Harm     .   A - scarf {rC+ rF+}
rCorr   +          Rampage  .   n - +0 pair of gloves "Coehatz" {rCorr}
Will    +++++                   d - +2 pair of boots
Stlth   ..........              g - amulet of regeneration
HPRegen 1.12/turn               M - ring "Uvoxto Kuich" {rElec rC+ rN+ Dex-3}
MPRegen 0.20/turn               E - ring "Kuepeah" {+Blink rElec Will+++ EV+4 Int-4}

@: flying
A: sickness immunity, AC +15, big wings, negative energy resistance 1,
electricity resistance, torment resistance 1, petrification resistance, deformed
body, low MP 1
}: 1/15 runes: decaying
a: Renounce Religion, Evoke Blink, Heroism, Finesse, Duel


You were on level 4 of the Vaults.
You worshipped Okawaru.
Okawaru was exalted by your worship.
You visited 7 branches of the dungeon, and saw 33 of its levels.
You also visited: Ice Cave and Volcano.

You collected 3020 gold pieces.
You spent 1491 gold pieces at shops.

Inventory:

Hand Weapons
 v - a +6 eveningstar of venom (weapon)
Armour
 a - a +1 kite shield of reflection (worn)
 d - a +2 pair of boots (worn)
 n - the +0 pair of gloves "Coehatz" (worn) {rCorr}
   (Okawaru gifted it to you on level 3 of the Vaults)

   rCorr:     It protects you from acid and corrosion.
 x - a +0 tower shield
 A - a scarf of resistance (worn)
 N - a +0 hat of willpower (worn)
 P - a +0 plate armour of fire resistance (worn)
 Q - a +1 cloak of preservation
Jewellery
 c - the ring "Atsaim Istra" {+Blink rElec rF+ rC- rCorr}
   (You found it on level 1 of the Snake Pit)

   [ring of resist corrosion]

   rF:        It protects you from fire.
   rC:        It makes you vulnerable to cold.
   rElec:     It insulates you from electricity.
   +Blink:    It lets you blink.
   rCorr:     It protects you from acid and corrosion.
 g - an amulet of regeneration (around neck)
 p - a ring of fire
 E - the ring "Kuepeah" (right hand) {+Blink rElec Will+++ EV+4 Int-4}
   (You bought it in a shop on level 1 of the Snake Pit)

   [ring of evasion]

   EV:        It affects your evasion (+4).
   Int:       It affects your intelligence (-4).
   rElec:     It insulates you from electricity.
   +Blink:    It lets you blink.
   Will:      It greatly increases your willpower.
 G - a ring of protection from cold
 K - a ring of see invisible
 M - the ring "Uvoxto Kuich" (left hand) {rElec rC+ rN+ Dex-3}
   (You found it in an ice cave)

   [ring of positive energy]

   Dex:       It affects your dexterity (-3).
   rC:        It protects you from cold.
   rElec:     It insulates you from electricity.
   rN:        It protects you from negative energy.
 R - the ring of Xoedo {Wiz Str+3 Dex-5 Stlth+}
   (You found it on level 1 of the Vaults)

   [ring of wizardry]

   It improves your spell success rate.
   Str:       It affects your strength (+3).
   Dex:       It affects your dexterity (-5).
   Stlth:     It makes you more stealthy.
 S - a +4 ring of evasion
Wands
 j - a wand of mindburst (12)
 r - a wand of polymorph (31)
 u - a wand of flame (34)
 B - a wand of paralysis (8)
 O - a wand of iceblast (11)
Scrolls
 b - a scroll of enchant weapon
 e - 3 scrolls of fog
 k - 7 scrolls of enchant armour
 q - 11 scrolls of identify
 t - a scroll of magic mapping
 z - 15 scrolls of teleportation
 F - 3 scrolls of fear
 I - 2 scrolls of silence
 L - 2 scrolls of holy word
Potions
 f - 12 potions of ambrosia
 h - 4 potions of magic
 i - 2 potions of mutation {unknown}
 l - 6 potions of might
 m - 6 potions of curing
 o - 5 potions of haste
 s - 6 potions of cancellation
 w - 3 potions of brilliance
 C - 5 potions of attraction
 D - 3 potions of berserk rage
 H - 3 potions of lignification


   Skills:
 + Level 17.9 Fighting
 + Level 20.6 Maces & Flails
 - Level 1.7 Throwing
 + Level 16.0 Armour
 - Level 10.0 Dodging
 - Level 15.0 Shields
 - Level 12.0 Invocations


You had 19 spell levels left.
You didn't know any spells.
Your spell library contained the following spells:

 Spells                   Type           Power      Damage    Failure   Level
 Apportation              Tloc           0%         N/A       99%         1
 Freeze                   Ice            0%         1d3       99%         1
 Sandblast                Erth           0%         2d4       99%         1
 Shock                    Conj/Air       0%         1d3       99%         1
 Slow                     Hex            0%         N/A       99%         1
 Blink                    Tloc           0%         N/A       100%        2
 Corpse Rot               Necr/Air       0%         N/A       100%        2
 Passwall                 Tmut/Erth      0%         N/A       100%        2
 Poisonous Vapours        Pois/Air       0%         N/A       100%        2
 Confusing Touch          Hex            0%         N/A       100%        3
 Frozen Ramparts          Ice            0%         1d2       100%        3
 Gell's Gravitas          Tloc           0%         N/A       100%        3
 Inner Flame              Hex/Fire       0%         N/A       100%        3
 Lesser Beckoning         Tloc           0%         N/A       100%        3
 Mephitic Cloud           Conj/Pois/Air  0%         N/A       100%        3
 Portal Projectile        Hex/Tloc       0%         N/A       100%        3
 Stone Arrow              Conj/Erth      0%         3d7       100%        3
 Teleport Other           Tloc           0%         N/A       100%        3
 Vampiric Draining        Necr           0%         2d6       100%        3
 Hailstorm                Conj/Ice       0%         3d3       100%        4
 Leda's Liquefaction      Hex/Erth       0%         N/A       100%        4
 Manifold Assault         Tloc           0%         N/A       100%        5
 Yara's Violent Unravell  Hex/Tmut       0%         3d3       100%        5
 Dispersal                Tloc           0%         N/A       100%        6
 Enfeeble                 Hex            0%         N/A       100%        7
 Orb of Destruction       Conj           0%         9d5       100%        7
 Storm Form               Tmut/Air       0%         N/A       100%        7
 Animate Skeleton         Necr           Unusable   N/A       N/A         1
 Summon Small Mammal      Summ           Unusable   N/A       N/A         1
 Call Canine Familiar     Summ           Unusable   N/A       N/A         3

Dungeon Overview and Level Annotations

Branches:
Dungeon (15/15)            Temple (1/1) D:6            Lair (6/6) D:8
  Swamp (4/4) Lair:2        Snake (1/4) Lair:4          Orc (2/2) D:11
    Elf (0/3) Orc:2        Vaults (4/5) D:14          Crypt (0/3) Vaults:2
 Depths (0/4) D:15          IceCv (visited)         Volcano (visited)
  Slime: Lair:5-6

Altars:
Ashenzari
Cheibriados
Dithmenos
Elyvilon
Fedhas
Hepliaklqana
Makhleb
Nemelex Xobeh
Okawaru
Qazlal
Sif Muna
Trog
Uskayaw
The Shining One

Shops:
D:7 *   D:8 *   D:11 (   Orc:2 :(*[(   Snake:1 :==   Vaults:2 (   Vaults:4 *

Annotations:
Lair:3 1 runed translucent door, Luuwnalu's ghost, journeyman KoHu
Lair:5 exclusion: 4 oklob plants


Innate Abilities, Weirdness & Mutations

You are immune to sickness and miasma.
Your stone body is resilient. (AC +15)
You are immune to poison.
Your large and strong wings let you fly.
You resist negative energy. (rN+)
You are resistant to electric shocks. (rElec)
You are resistant to unholy torment.
You are immune to petrification.
Armour fits poorly on your strangely shaped body.
Your magical capacity is low. (-10% MP)


Message History

The yaktaur seems to grow stronger.
The war gargoyle launches metal splinters at you.
The spray of metal splinters hits you!!
The ironbound convoker points at the sphinx and mumbles some strange words.
The sphinx seems to grow stronger.
The vault sentinel blows a loud note on a signal horn!
The war gargoyle hits you with a +0 dire flail.
The war gargoyle launches metal splinters at you.
The spray of metal splinters hits you.
The war gargoyle launches metal splinters at you.
The spray of metal splinters misses you.
The war gargoyle launches metal splinters at you.
The spray of metal splinters misses you.
The war gargoyle barely misses you.
The war gargoyle launches metal splinters at you.
The spray of metal splinters hits you but does no damage.
The sphinx hits you!! The sphinx barely misses you.
You block the sphinx's attack.
You see here an ugly thing corpse.
The war gargoyle launches metal splinters at you.
The spray of metal splinters misses you.
The war gargoyle launches metal splinters at you.
The spray of metal splinters hits you!!
* * * LOW HITPOINT WARNING * * *
The ironbound convoker casts a spell at the yaktaur captain.
The yaktaur captain seems to grow stronger.
You reach down and open the large door.
You block the sphinx's attack. x2
The sphinx hits you but does no damage.
The war gargoyle hits you with a +0 dire flail!!
* * * LOW HITPOINT WARNING * * *
The vault sentinel blows a loud note on a signal horn!
Blink to where?
Press: ? - help, Dir - move target
As you read the scroll of blinking, it crumbles to dust.
There is an open door here.
There is an open door here.
There is an open door here.
The war gargoyle launches metal splinters at you.
The spray of metal splinters hits you!!
You die...

#...............#
#...............#.
#...............#'##########
#...........................
#...........................
#...........................
#.p###########.............[
#p.#..####.<.#########'#####
#††#<.'..'.@.#.............#
#..#..#..##'##.............#
#c.##)####..##.............#
#c9##..#.#..##......)......#
#.H##.[#'##9##.............#
#.§##'##..#..'.............#
#..'H.9'..'..###############
#..'.>.####..#..............
#..###+#######..............


You could see a war gargoyle (catching breath).

Vanquished Creatures
  Margery (Vaults:4)
  A sphinx (Vaults:3)
  2 thorn hunters
  4 fenstrider witches (Swamp:4)
  An emperor scorpion (D:15)
  Louise (D:15)
  4 vault wardens
  3 orc warlords
  The ghost of Xoff the Blocker, a journeyman GnFi of Dithmenos (Lair:6)
  11 ironbound preservers
  A war gargoyle (Vaults:2)
  A stone giant (D:11)
  2 very ugly things (Vaults:1)
  A reaper (Swamp:4)
  5 ironbound thunderhulks
  5 bunyips
  5 eleionomae
  A vampire knight (Vaults:2)
  A red draconian (Volcano)
  4 entropy weavers
  5 dire elephants
  An eidolon (Vaults:3)
  An ettin (Vaults:3)
  A green death (Swamp:4)
  Josephine (Lair:2)
  2 shambling mangroves
  A deep elf death mage (Vaults:2)
  8 yaktaur captains
  3 great orbs of eyes
  A peacekeeper (Vaults:2)
  3 vault guards
  4 naga warriors (Snake:1)
  25 hydras
  2 ghost crabs (Swamp:3)
  A spriggan air mage (Swamp:4)
  6 anacondas (Snake:1)
  An ogre mage (D:15)
  A catoblepas (Lair:4)
  2 boulder beetles
  4 ironbound frosthearts
  Erica (Lair:1)
  A merfolk avatar (Lair:6)
  A death knight (D:11)
  16 centaur warriors
  7 alligators
  2 dancing weapons (D:14)
  6 death yaks
  8 two-headed ogres
  5 hell knights (Vaults:4)
  4 orc high priests (Orc:2)
  3 tengu warriors
  A naga sharpshooter (Snake:1)
  3 shock serpents (Snake:1)
  A soul eater (Swamp:4)
  4 skeletal warriors
  A sixfirhy (Swamp:4)
  A fire crab (shapeshifter) (D:13)
  A sea snake (D:15)
  6 goliath frogs
  A death drake (Swamp:4)
  8 spriggan druids
  7 swamp dragons
  A glowing orange brain (Vaults:3)
  A naga ritualist (Snake:1)
  40 deep trolls
  A storm dragon skeleton (Vaults:3)
  4 bog bodies
  12 lindwurms
  8 wizards
  7 orc knights
  7 ironbound convokers
  A mana viper (Snake:1)
  A deep elf zephyrmancer (Swamp:4)
  3 necromancers
  8 deep elf pyromancers
  17 ugly things
  7 orc sorcerers
  A salamander (Snake:1)
  4 manticores
  6 cyclopes
  An elf zombie (Vaults:3)
  7 will-o-the-wisps
  7 elephants
  An ice statue (IceCv)
  A gargoyle (D:11)
  An orange demon (Swamp:4)
  3 naga magi (Snake:1)
  3 torpor snails
  4 vault sentinels
  16 black mambas
  14 cane toads
  An unseen horror (D:12)
  4 komodo dragons
  7 rime drakes
  8 freezing wraiths
  25 yaktaurs
  13 ice devils (IceCv)
  An entropy weaver simulacrum (IceCv)
  2 anaconda simulacra (IceCv)
  2 tengu conjurers
  A hellwing (Swamp:4)
  A queen bee (Lair:5)
  3 trolls
  5 tyrant leeches
  5 wind drakes (Lair:6)
  14 hornets
  3 meliai
  A tarantella (Vaults:4)
  33 slime creatures
  2 polar bears
  25 blink frogs
  An ettin zombie (Vaults:3)
  19 dream sheep
  2 culicivoras
  A jumping spider (Vaults:3)
  15 spriggans
  2 shadows (D:11)
  12 wyverns
  7 wraiths
  67 yaks
  5 fire bats (Volcano)
  A water elemental (D:11)
  11 basilisks
  2 neqoxecs (Swamp:4)
  A chaos spawn (Swamp:4)
  A steam dragon (D:5)
  6 redbacks
  5 wargs
  12 vampire mosquitoes
  2 death yak simulacra (IceCv)
  7 nagas (Snake:1)
  10 swamp worms
  2 acid dragons
  A harpy simulacrum (IceCv)
  2 hell hounds (Lair:2)
  14 water moccasins
  An ice beast (D:6)
  2 sky beasts (D:7)
  38 orc warriors
  3 black bears
  5 boggarts
  A necrophage (D:5)
  8 wolves (Lair:2)
  4 ogres
  11 centaurs
  A phantom (D:7)
  6 kobold brigands
  8 bullfrogs
  7 scorpions
  2 gnoll sergeants
  8 cane toad simulacra (IceCv)
  A wyvern zombie (D:6)
  A water moccasin zombie (D:5)
  2 elephant simulacra (IceCv)
  37 killer bees
  5 wights (D:9)
  A howler monkey (D:8)
  4 electric eels (D:11)
  11 lava snakes (Volcano)
  2 bullfrog zombies (D:6)
  2 centaur zombies
  2 jellies (D:6)
  19 orc priests
  2 hounds
  A centaur skeleton (D:7)
  2 iguanas
  Ijyb (D:5)
  A bullfrog skeleton (D:7)
  A gnoll shaman (D:6)
  22 orc wizards
  A polar bear simulacrum (IceCv)
  3 troll simulacra (IceCv)
  8 hell rats
  2 spriggan simulacra (IceCv)
  7 wolf simulacra (IceCv)
  2 howler monkey zombies
  8 gnolls
  A howler monkey skeleton (D:7)
  13 river rats
  9 adders
  A naga simulacrum (IceCv)
  2 shadow imps
  6 worms
  2 dart slugs
  58 orcs
  5 endoplasms
  3 giant cockroaches
  6 goblins
  4 hobgoblins
  A jackal (D:3)
  11 quokkas
  10 ball pythons
  10 bats
  6 frilled lizards
  32 kobolds
  21 rats
1221 creatures vanquished.

Vanquished Creatures (others)
  An eleionoma (Swamp:1)
  A deep troll (Vaults:3)
  A will-o-the-wisp (Swamp:4)
  5 bloated husks
  A wraith (Swamp:1)
  A gnoll (D:6)
  An orc (Orc:1)
  22 foxfires
  23 fungi
  42 plants
98 creatures vanquished.

Grand Total: 1319 creatures vanquished

Notes
Turn   | Place    | Note
-------+----------+-------------------------------------------
     0 | D:1      | inmateoo the Gargoyle Gladiator began the quest for the
                  | Orb.
     0 | D:1      | Reached XP level 1. HP: 12/12 MP: 1/1
     5 | D:1      | Got Sif Muna's Almanac of Dislocation and Heat
    59 | D:1      | Reached XP level 2. HP: 11/18 MP: 2/2
   558 | D:1      | Got Sywkea's Tome of Arcane Weapons
   622 | D:1      | Reached XP level 3. HP: 11/22 MP: 3/3
  1306 | D:2      | Reached skill level 4 in Maces & Flails
  1864 | D:3      | You fall into a shaft and drop 1 floor!
  1914 | D:3      | Reached XP level 4. HP: 28/28 MP: 4/4
  1998 | D:3      | Found a shimmering blue altar of Sif Muna.
  2212 | D:3      | Identified the +7 hand axe of Oenomania {drain, Str+3}
  2434 | D:3      | Reached XP level 5. HP: 32/32 MP: 5/5
  2773 | D:3      | Reached skill level 5 in Maces & Flails
  2926 | D:4      | Noticed a black bear
  2933 | D:4      | Killed a black bear
  2960 | D:4      | Reached XP level 6. HP: 37/38 MP: 6/6
  3376 | D:5      | Entered Level 5 of the Dungeon
  3383 | D:5      | Reached skill level 6 in Maces & Flails
  3413 | D:5      | Reached XP level 7. HP: 32/44 MP: 7/7
  3498 | D:5      | Reached skill level 5 in Fighting
  3571 | D:5      | Reached skill level 7 in Maces & Flails
  3835 | D:5      | Reached XP level 8. HP: 51/51 MP: 8/8
  4015 | D:5      | Reached skill level 8 in Maces & Flails
  4169 | D:5      | Noticed Ijyb
  4178 | D:5      | Killed Ijyb
  4318 | D:5      | Reached skill level 9 in Maces & Flails
  4543 | D:6      | Found a staircase to the Ecumenical Temple.
  4550 | D:6      | Reached skill level 10 in Maces & Flails
  4571 | D:6      | Reached skill level 1 in Armour
  4571 | D:6      | Reached XP level 9. HP: 55/55 MP: 9/9
  4575 | Temple   | Entered the Ecumenical Temple
  4658 | Temple   | Became a worshipper of Warmaster Okawaru
  4796 | D:6      | Reached skill level 1 in Invocations
  5238 | D:7      | Found Uvaeng's Neck Hole.
  5578 | D:7      | Reached * piety under Okawaru
  5742 | D:8      | Noticed a death yak
  5744 | D:8      | Found a staircase to the Lair.
  5744 | D:8      | Noticed a death yak
  5744 | D:8      | Noticed a death yak
  5834 | D:8      | Noticed a hornet
  5849 | D:8      | Killed a hornet
  5968 | D:8      | Found Cuma Cul's CLEARANCE SALE!.
  6000 | D:8      | Reached XP level 10. HP: 64/64 MP: 13/13
  6149 | D:8      | Killed a death yak
  6149 | D:8      | Reached ** piety under Okawaru
  6150 | D:8      | Reached skill level 11 in Maces & Flails
  6150 | D:8      | Reached skill level 5 in Armour
  6186 | D:8      | Killed a death yak
  6187 | D:8      | Reached skill level 5 in Invocations
  6339 | D:7      | Killed a death yak
  6529 | D:8      | Reached *** piety under Okawaru
  6749 | D:9      | Reached XP level 11. HP: 71/71 MP: 15/15
  6838 | D:9      | Reached **** piety under Okawaru
  7428 | D:10     | Entered Level 10 of the Dungeon
  7449 | D:10     | Reached skill level 12 in Maces & Flails
  7595 | D:10     | Received a gift from Okawaru
  7596 | D:10     | Reached skill level 1 in Shields
  7628 | D:10     | Noticed a centaur warrior
  7747 | D:9      | Killed a centaur warrior
  7863 | D:7      | Bought a scarf of resistance for 416 gold pieces
  8186 | D:10     | Reached skill level 10 in Fighting
  8226 | D:10     | Reached ***** piety under Okawaru
  8447 | D:11     | Noticed a boulder beetle
  8470 | D:11     | Killed a boulder beetle
  8483 | D:11     | Noticed a cyclops
  8484 | D:11     | Found Tighesiy's Weapon Emporium.
  8495 | D:11     | Killed a cyclops
  8514 | D:11     | Noticed a brown ugly thing
  8542 | D:11     | Killed a brown ugly thing
  8550 | D:11     | Reached XP level 12. HP: 53/77 MP: 18/18
  8551 | D:11     | Noticed a four-headed hydra
  8634 | D:11     | Found a snail-covered altar of Cheibriados.
  8895 | D:11     | Killed a four-headed hydra
  8940 | D:11     | Reached skill level 5 in Shields
  9030 | D:11     | Found a staircase to the Orcish Mines.
  9067 | D:11     | Noticed a two-headed ogre
  9079 | D:11     | Killed a two-headed ogre
  9279 | D:11     | Noticed a stone giant
  9294 | D:11     | Killed a stone giant
  9295 | D:11     | Reached skill level 13 in Maces & Flails
  9743 | D:11     | Identified the +7 long sword of Egomania {antimagic, Contam
                  | rN++} (Okawaru gifted it to you on level 11 of the Dungeon)
  9743 | D:11     | Received a gift from Okawaru
  9808 | D:11     | Found the +2 ratskin cloak {*Rats rPois rN+ Str-1 Int-1
                  | Dex+1}
 10004 | D:11     | Identified the +2 troll leather armour "Ytialuaf" {Fly
                  | Regen+ MP-9 Int+4}
 10291 | D:12     | Noticed a death knight
 10395 | D:11     | Killed a death knight
 10396 | D:11     | Reached skill level 14 in Maces & Flails
 10436 | D:12     | Noticed a two-headed ogre
 10450 | D:12     | Killed a two-headed ogre
 10492 | D:12     | Found a glowing golden altar of the Shining One.
 10569 | D:12     | Noticed a four-headed hydra
 10576 | D:12     | Killed a four-headed hydra
 11170 | D:13     | Noticed a two-headed ogre
 11192 | D:13     | Killed a two-headed ogre
 11298 | D:13     | Identified the +0 cloak of Polish {*Corrode rElec Dex+6}
                  | (Okawaru gifted it to you on level 13 of the Dungeon)
 11298 | D:13     | Received a gift from Okawaru
 11305 | D:13     | Reached ****** piety under Okawaru
 11553 | D:13     | Reached XP level 13. HP: 72/83 MP: 19/19
 12170 | D:14     | Found a gate to the Vaults.
 12878 | D:14     | Identified the +1 shadow dragon scales of Snakes and
                  | Ladders {rC+ Dex+4 Stlth++++} (Okawaru gifted it to you on
                  | level 14 of the Dungeon)
 12878 | D:14     | Received a gift from Okawaru
 13097 | D:14     | Reached skill level 5 in Dodging
 13239 | D:14     | Reached skill level 10 in Armour
 13502 | D:15     | Entered Level 15 of the Dungeon
 13634 | D:13     | Reached skill level 15 in Maces & Flails
 13829 | D:14     | Gained mutation: Your large and strong wings let you fly.
                  | [Gargoyle growth]
 13829 | D:14     | Reached XP level 14. HP: 92/92 MP: 20/20
 14052 | D:15     | Reached skill level 16 in Maces & Flails
 14068 | D:15     | Noticed Louise
 14113 | D:15     | Killed Louise
 14254 | D:15     | Noticed Nessos
 14260 | D:15     | Noticed Nessos
 14260 | D:15     | Nessos changed into Nessos the sea snake
 14264 | D:15     | Killed Nessos the sea snake
 14364 | D:15     | Found a staircase to the Depths.
 14364 | D:15     | Noticed a dire elephant
 14379 | D:15     | Killed a dire elephant
 14379 | D:15     | Noticed an emperor scorpion
 14397 | D:15     | Killed an emperor scorpion
 14646 | Lair:1   | Entered Level 1 of the Lair of Beasts
 14661 | Lair:1   | Noticed Erica
 14668 | Lair:1   | Killed Erica
 14691 | Lair:1   | Received a gift from Okawaru
 15295 | Lair:2   | Found a staircase to the Swamp.
 15437 | Lair:2   | Found a dark tunnel.
 15458 | Volcano  | Entered a volcano
 15607 | Volcano  | Noticed a red draconian
 15631 | Volcano  | Killed a red draconian
 15696 | Volcano  | Found a radiant altar of Vehumet.
 15887 | Lair:2   | Received a gift from Okawaru
 16099 | Lair:2   | Reached skill level 10 in Invocations
 16125 | Lair:2   | Identified the +2 hat of the Poles {rPois Str+4} (Okawaru
                  | gifted it to you on level 2 of the Lair of Beasts)
 16125 | Lair:2   | Received a gift from Okawaru
 16648 | Lair:3   | Found a runed translucent door.
 16648 | Lair:3   | Noticed Luuwnalu's ghost (journeyman KoHu)
 16741 | Lair:3   | Reached XP level 15. HP: 70/97 MP: 22/22
 17698 | Lair:4   | Reached skill level 10 in Shields
 17848 | Lair:4   | Received a gift from Okawaru
 17869 | Lair:4   | Found a staircase to the Snake Pit.
 19384 | Lair:6   | Entered Level 6 of the Lair of Beasts
 19452 | Lair:6   | Received a gift from Okawaru
 19685 | Lair:6   | Noticed Xoff's ghost (journeyman GnFi)
 19688 | Lair:6   | Found a runed translucent door.
 19737 | Lair:6   | Received a gift from Okawaru
 19768 | Lair:6   | Reached XP level 16. HP: 105/105 MP: 24/24
 19888 | Lair:6   | Found the +14 obsidian axe {vorpal, Mesm Drain Fly SInv}
 20167 | Lair:6   | Received a gift from Okawaru
 20329 | Lair:6   | Killed Xoff's ghost
 20601 | Orc:1    | Entered Level 1 of the Orcish Mines
 20693 | Orc:1    | Paralysed by an orc sorcerer for 5 turns
 20752 | Orc:1    | Found a frozen archway.
 20759 | IceCv    | Entered an ice cave
 20911 | IceCv    | Found the +4 skin of Zhor {*Englaciate rC+++ SInv}
 20935 | IceCv    | Found an ancient bone altar of Kikubaaqudgha.
 21178 | IceCv    | Identified the ring "Uvoxto Kuich" {rElec rC+ rN+ Dex-3}
 21735 | Orc:2    | Entered Level 2 of the Orcish Mines
 21791 | Orc:2    | Found Jomerch's Antique Weapon Shoppe.
 22017 | Orc:2    | Found a staircase to the Elven Halls.
 22076 | Orc:2    | Paralysed by an orc sorcerer for 6 turns
 22089 | Orc:2    | Paralysed by an orc sorcerer for 6 turns
 22771 | Orc:2    | Found Aluz's General Store.
 22772 | Orc:2    | Found Geonwoi's Book Shoppe.
 22774 | Orc:2    | Found Jooph's Antique Armour Emporium.
 22774 | Orc:2    | Found Ras Imp's Antique Weapon Emporium.
 22800 | Orc:2    | Bought a +0 hat of willpower for 154 gold pieces
 22800 | Orc:2    | Bought a potion of haste for 140 gold pieces
 23090 | Snake:1  | Entered Level 1 of the Snake Pit
 23278 | Lair:4   | Received a gift from Okawaru
 23569 | Snake:1  | HP: 1/106 [black mamba (13)]
 23869 | Snake:1  | Found Botunoir's Book Emporium.
 23869 | Snake:1  | Found Qudiok Baat's Jewellery Boutique.
 23870 | Snake:1  | Found Pedeokhlus's Jewellery Boutique.
 23873 | Snake:1  | Identified the ring "Atsaim Istra" {+Blink rElec rF+ rC-
                  | rCorr}
 23881 | Snake:1  | Bought the ring "Kuepeah" {+Blink rElec Will+++ EV+4 Int-4}
                  | for 717 gold pieces
 24347 | Snake:1  | Reached XP level 17. HP: 61/111 MP: 26/26
 24835 | Swamp:1  | Entered Level 1 of the Swamp
 24835 | Swamp:1  | Noticed Josephine
 24852 | Lair:2   | Received a gift from Okawaru
 24860 | Lair:2   | Killed Josephine
 25194 | Arena    | Entered the Arena
 25224 | Swamp:1  | Reached skill level 10 in Dodging
 25572 | Swamp:1  | HP: 1/111 [six-headed hydra[a spriggan druid] (10)]
 25695 | Arena    | Entered the Arena
 26138 | Swamp:1  | Identified the +5 spear of Lill {protect, rF+ SInv}
 26976 | Swamp:3  | Received a gift from Okawaru
 27651 | Swamp:4  | Entered Level 4 of the Swamp
 27675 | Swamp:4  | Received a gift from Okawaru
 28190 | Swamp:4  | Reached XP level 18. HP: 103/118 MP: 27/27
 28439 | Swamp:4  | Reached skill level 15 in Armour
 28462 | Swamp:4  | Gained mutation: Your magical capacity is low. (-10% MP) [a
                  | neqoxec]
 28467 | Swamp:4  | Reached skill level 15 in Fighting
 28467 | Swamp:4  | Reached skill level 15 in Shields
 28467 | Swamp:4  | Gained mutation: Armour fits poorly on your strangely
                  | shaped body. [a neqoxec]
 28925 | Swamp:4  | Reached skill level 17 in Maces & Flails
 29066 | Swamp:4  | Got a decaying rune of Zot
 29390 | Vaults:1 | Entered Level 1 of the Vaults
 29529 | Vaults:1 | Identified the +5 morningstar "Elibol" {drain, rPois Str+7
                  | Dex+2} (Okawaru gifted it to you on level 1 of the Vaults)
 29529 | Vaults:1 | Received a gift from Okawaru
 30134 | Vaults:1 | Received a gift from Okawaru
 30499 | Vaults:1 | Identified the ring of Xoedo {Wiz Str+3 Dex-5 Stlth+}
 30659 | Vaults:2 | Reached skill level 18 in Maces & Flails
 31012 | Vaults:2 | You are sucked into a shaft and drop 1 floor!
 31025 | Vaults:3 | HP: 5/122 [deep troll[an ironbound preserver] (2)]
 31180 | Vaults:3 | Reached XP level 19. HP: 126/128 MP: 25/25
 31388 | Arena    | Entered the Arena
 31565 | Vaults:2 | Found Ideuxkie's Antique Weapon Shoppe.
 31577 | Vaults:2 | Identified the +3 leather armour of Demons {rPois Str-3
                  | Dex+3}
 31610 | Arena    | Entered the Arena
 31617 | Arena    | HP: 2/128 [vault warden (18)]
 31823 | Vaults:2 | Reached skill level 19 in Maces & Flails
 31877 | Vaults:2 | Received a gift from Okawaru
 32059 | Vaults:3 | Identified the +1 robe of Sofodil {rElec rF+} (Okawaru
                  | gifted it to you on level 3 of the Vaults)
 32059 | Vaults:3 | Received a gift from Okawaru
 32746 | Vaults:2 | Found a staircase to the Crypt.
 33144 | Vaults:3 | Reached skill level 20 in Maces & Flails
 34227 | Arena    | Entered the Arena
 34529 | Vaults:3 | Identified the +0 pair of gloves "Coehatz" {rCorr} (Okawaru
                  | gifted it to you on level 3 of the Vaults)
 34529 | Vaults:3 | Received a gift from Okawaru
 34754 | Vaults:3 | Reached XP level 20. HP: 136/136 MP: 26/26
 35179 | Vaults:4 | Noticed Margery
 35373 | Vaults:4 | Killed Margery
 35422 | Vaults:4 | Found Viegyic's General Store.
 35433 | Vaults:4 | Bought a scroll of identify for 32 gold pieces
 35433 | Vaults:4 | Bought a scroll of identify for 32 gold pieces
 35581 | Vaults:4 | Killed from afar by a war gargoyle

Illustrated notes

Levels and vault maps discovered:
D:1:      dpeg_arrival_simpleton_a, layout_loops_ring, minmay_hexomino_c4
D:2:      layout_rooms, minmay_parallelograms
D:3:      minmay_angry_zag, layout_basic, mainiacjoe_overflow_paths
D:4:      wander_river, layout_gridville, nicolae_wormholes
D:5:      layout_cave_pods, uniq_ijyb
D:6:      lemuel_ratsnest, layout_cave_pools, minmay_temple_entry_water_ring,
          kennysheep_generic_room_16
D:7:      layout_loops_cross, minmay_strange_pillars,
          nicolae_shop_sticking_my_neck_out
D:8:      lemuel_ice_spiral_2, layout_rooms, dpeg_lair_monsters,
          nicolae_shop_clearance
D:9:      layout_small_grid
D:10:     layout_basic, grunt_ministairs_12, serial_park_tiny_1
D:11:     nzn_winding_woodlands_three_and_one [nzn_winding_woodlands_5x15_pool,
          nzn_winding_woodlands_5x15_concentric,
          nzn_winding_woodlands_5x15_jagged,
          nzn_winding_woodlands_center_diamonds], layout_basic, orc_0_dummy,
          serial_shops, nicolae_shop_waterfront, cheibriados_altar_1
D:12:     layout_basic, nicolae_tso_carved_into_rock
D:13:     layout_roguey
D:14:     layout_long_grid, erik_vaults_1, hangedman_abyss_or_decor_clamps
D:15:     hangedman_depths_entry_try_elsewhere_first, layout_basic, uniq_louise,
          uniq_nessos
Temple:   mainiacjoe_temple_circle_huts
Lair:1:   layout_concentric_octagons, ldierk_geyser, uniq_erica
Lair:2:   layout_cave_pods, skrybe_swamp_entry_bodies, enter_volcano_3,
          grunt_megastairs_5
Lair:3:   layout_chaotic_city, gammafunk_ghost_grave
Lair:4:   layout_cellular_growth, minmay_snake_entry_six_corridors, special_room
          [special_room_mythical_zoo]
Lair:5:   layout_cave_pods, minmay_slime_entry_oklob_open, special_room
          [special_room_bee], minivault_26
Lair:6:   gammafunk_lair_ancient_temple, layout_loops_ring,
          hellmonk_ghost_happy_afterlife
Swamp:1:  layout_basic_swamp, evilmike_swamp_ruin_house_6,
          nzn_swamp_dancing_lights, uniq_josephine
Swamp:2:  layout_basic_swamp, evilmike_swamp_ruin_house_1, swamp_pool4
Swamp:3:  layout_basic_swamp, evilmike_swamp_ruin_house_2,
          nicolae_swamp_spriggan_camp
Swamp:4:  nzn_swamp_witches_coven, layout_basic_swamp
Snake:1:  layout_onion_interference, nicolae_snake_shapes, minmay_shop_grove
Orc:1:    layout_caves, portal_ice_cave_entry_pillars_2
Orc:2:    st_orc_congregation, layout_diamond_mine, serial_shops, shop
Vaults:1: nicolae_vaults_inception_statues, v_misc_15, v_misc_3,
          nicolae_vaults_circle_grid_a, vaults_room_grid,
          hangedman_vaults_locks, v_misc_30, ontoclasm_vaults_fault,
          nicolae_vaults_rhombus_6, dpeg_vaults_monster_box, v_pattern_2,
          nicolae_vaults_three_branches, layout_vaults_maze_bifur
Vaults:2: minmay_crypt_entry_simple_plaza, ontoclasm_vaults_misaligned,
          ontoclasm_vaults_decontamination, vaults_mumra_chevron,
          ontoclasm_vaults_bender, vaults_room_pools,
          nicolae_vaults_network_quinsquares
          [nicolae_vaults_network_quincunx_subvault,
          nicolae_vaults_network_quincunx_subvault,
          nicolae_vaults_network_quincunx_subvault,
          nicolae_vaults_network_quincunx_subvault], v_alt_pattern_2,
          nicolae_vaults_sealed_display, hangedman_vaults_nails,
          nicolae_vaults_diagonal_hallway_7, hangedman_vaults_corner_blocks,
          layout_vaults_ring, serial_shops, nicolae_shop_stone
Vaults:3: vaults_mumra_chevron_long, vaults_standard_mumra_enter_the_diamond,
          v_alt_pattern_4, v_misc_10, hangedman_vaults_cutoff, v_rooms_5,
          ontoclasm_vaults_tryst, v_alt_pattern_5, vaults_dpeg_encased_lava,
          v_alt_pattern_4, v_misc_3, layout_vaults_big_cross
Vaults:4: v_misc_26, v_alt_pattern_2, grunt_vaults_diagonal,
          ontoclasm_vaults_spin, vaults_room_pools,
          nicolae_vaults_little_squares_1, nicolae_vaults_yaktaur_gun_rack,
          nicolae_vaults_little_squares_3, layout_vaults_chaotic_city,
          serial_shops, nicolae_shop_hallway_plus, uniq_mennas, uniq_margery

Skill      XL: |  1  2  3  4  5  6  7  8  9 10 11 12 13 14 15 16 17 18 19 20 |
---------------+-------------------------------------------------------------+-----
Maces & Flails | 4 5 6 7 10 11 12 14 15 16 18 20 | 20.6
Fighting       | 3 4 5 6 7 9 10 12 13 14 17 | 17.9
Armour         | 1 4 6 8 10 11 12 14 15 16 | 16.0
Invocations    | 4 6 8 9 10 11 12 | 12.0
Shields        | 4 6 8 9 10 12 14 15 | 15.0
Dodging        | 3 5 6 7 9 10 | 10.0
Throwing       | |  1.7

Action                   |  1- 3 |  4- 6 |  7- 9 | 10-12 | 13-15 | 16-18 | 19-21 || total
-------------------------+-------+-------+-------+-------+-------+-------+-------++-------
Melee: Flail             |   151 |    11 |       |     1 |       |       |       ||   163
       Punch             |     1 |     1 |     3 |     6 |       |       |       ||    11
       Hand axe          |       |    57 |   281 |   456 |       |       |       ||   794
       Morningstar       |       |       |       |   140 |   372 |       |       ||   512
       Eveningstar       |       |       |       |       |   946 |  2016 |   696 ||  3658
Throw: Throwing net      |       |       |       |     1 |       |       |       ||     1
Invok: Heroism           |       |       |       |     5 |     3 |     1 |     1 ||    10
       Finesse           |       |       |       |       |     1 |       |       ||     1
       Duel              |       |       |       |       |       |     2 |     3 ||     5
Evoke: Wand              |       |       |       |     9 |     2 |     8 |       ||    19
  Use: Scroll            |     7 |       |     6 |     7 |     8 |    14 |     2 ||    44
       Potion            |       |       |       |     4 |     2 |     7 |    10 ||    23
 Stab: Held in net/web   |       |       |       |     3 |       |       |       ||     3
       Sleeping          |       |       |       |       |     6 |     6 |       ||    12
       Distracted        |       |       |       |       |     1 |       |       ||     1
       Invisible         |       |       |       |       |       |     1 |       ||     1
Armor: Leather armour    |    56 |       |       |       |       |       |       ||    56
       Ring mail         |     4 |       |       |       |       |       |       ||     4
       Chain mail        |    59 |    42 |   192 |       |       |       |       ||   293
       Plate armour      |       |       |     8 |   388 |   164 |   374 |   406 ||  1340
       Shadow dragon sca |       |       |       |       |   730 |   826 |       ||  1556
Dodge: Dodged            |   112 |    37 |   167 |   208 |   716 |   961 |   323 ||  2524
Block: Buckler           |       |       |       |    26 |   348 |       |       ||   374
       Kite shield       |       |       |       |       |   295 |  1314 |   459 ||  2068
       Reflection        |       |       |       |       |       |    21 |    32 ||    53
